 Dungeon Crawl Stone Soup version 0.31-a0-569-g7ea453304b (webtiles) character file.

Game seed: 17095604608588073957

2079 Ethylacetat the Ducker (level 9, -3/62 HPs)
             Began as an Octopode Gladiator on Aug 18, 2023.
             Slain by a yak (10 damage)
             ... on level 6 of the Dungeon.
             The game lasted 00:09:54 (4499 turns).

Ethylacetat the Ducker (Octopode Gladiator)         Turns: 4499, Time: 00:09:56

Health: -3/62      AC:  5    Str: 12 (13) XL:     9   Next: 26%
Magic:  9/9        EV: 16    Int: 11      God:
Gold:   268        SH:  0    Dex: 17      Spells: 8/8 levels left

rFire   + .          .
                       - Unarmed
rCold   . . .        (no shield)
rNeg    . . .        a - melded +0 hat
rPois   .            (no amulet)
rElec   .            h - ring of protection from fire
rCorr   .            p - +4 ring of protection
SInv    .            (no ring)
Will    .....        (no ring)
Stlth   +++          (no ring)
HPRegen 0.30/turn    (no ring)
MPRegen 0.11/turn    (no ring)
                     (no ring)

%: no passive effects
@: brilliant, beast-form
A: beast (slay +3), almost no armour, amphibious, 8 rings, camouflage 1,
gelatinous body 1, (nimble swimmer 1), tentacles
a: Begin Untransformation


You were on level 6 of the Dungeon.
You were a hulking beast.
You visited 1 branch of the dungeon, and saw 6 of its levels.

You collected 268 gold pieces.

Inventory:

Hand Weapons
 j - a +3 sling
Missiles
 b - 3 throwing nets
Armour
 a - a +0 hat (melded)
Jewellery
 h - a ring of protection from fire (left tentacle)
 p - a +4 ring of protection (right tentacle)
Talismans
 e - a beast talisman (active)
Scrolls
 d - a scroll of immolation {unknown}
 f - 4 scrolls of teleportation {unknown}
 g - a scroll of fog {unknown}
 k - 2 scrolls of blinking {unknown}
 l - 2 scrolls of enchant armour {unknown}
 o - 5 scrolls of identify {unknown}
 q - a scroll of torment {unknown}
 s - a scroll of amnesia {unknown}


   Skills:
 + Level 5.7 Fighting
 - Level 2.0 Throwing
 + Level 6.2 Dodging
 + Level 6.1 Unarmed Combat
 * Level 5.9 Shapeshifting


You had 8 spell levels left.
You didn't know any spells.
Your spell library contained the following spells:

 Spells                   Type           Power      Damage    Failure   Level
 Lesser Beckoning         Tloc           0%         N/A       47%         2
 Gell's Gravitas          Tloc           0%         N/A       71%         3
 Teleport Other           Tloc           0%         N/A       71%         3
 Leda's Liquefaction      Hex/Erth       0%         N/A       98%         4
 Lee's Rapid Deconstruct  Erth           0%         3d4*      100%        5
 Leda's Unmaking          Conj/Erth      0%         9d1       100%        6


Dungeon Overview and Level Annotations

Branches:
Dungeon (6/15)
 Temple: D:4-7

Altars:


Innate Abilities, Weirdness & Mutations

You are a hulking beast.
Your limbs bulge with bestial killing power. (Slay +3)
You cannot wear most types of armour.
You are amphibious.
You can wear up to eight rings at the same time.
Your skin changes colour to match your surroundings (Stealth+).
Your rubbery body absorbs attacks. (AC +1, EV +1)
((You are camouflaged when in or above water. (Stealth+)))
You have tentacles for arms and can constrict up to eight enemies at once.


Message History

The yak is moderately wounded.
You barely miss the yak.
The yak is moderately wounded.
The yak gores you!
You smack the yak!
The yak is severely wounded.
An orc comes into view.
It is wielding a +0 mace and wearing a +2 leather armour of fire resistance.
The yak gores you but does no damage.
You barely miss the yak.
The yak is severely wounded.
You feel less wooden.
Your +0 hat unmelds from your body.
You turn into a hulking beast.
Your +0 hat melds into your body.
The yak gores you but does no damage.
You feel less attractive to monsters.
You bludgeon the yak! Your squeeze misses the yak.
The yak is almost dead.
The yak closely misses you.
You bludgeon the yak!
You kill the yak!
The orc priest mumbles some strange prayers to Beogh against you.
Beogh smites you!
You barely miss the yak. The yak gores you.
You closely miss the yak. You squeeze the yak.
The yak is lightly wounded.
The yak gores you.
You completely miss the yak.
The yak is lightly wounded.
You tentacle-slap the yak. You squeeze the yak.
The yak is moderately wounded.
The orc priest mumbles some strange prayers to Beogh against you.
Beogh smites you!
* * * LOW HITPOINT WARNING * * *
The yak completely misses you.
You completely miss the yak. Your squeeze misses the yak.
The yak is moderately wounded.
The orc priest calls down the wrath of Beogh upon you.
Beogh smites you!
* * * LOW HITPOINT WARNING * * *
The yak gores you!
You die...

##.##.#.### ####
#.......... ..#
#.###...### #.#
#.###......
###.###.##..)..##
##
#..............##
(.
#.#.###.##.#.....
#o##)#.#
#....)..###
#oYh...#
####.#### #
####.### ###)###
#.# #.....# #..
#.....# ....
#.....# .#.##
#.....# . ..
#.....# #. #.
#######


You could see a yak, an orc priest and an orc.

Vanquished Creatures
  4 yaks (D:6)
  Eustachio (D:5)
  An ogre (D:4)
  A phantom (D:6)
  5 scorpions
  3 wights (D:6)
  4 jellies
  6 hounds
  2 orc priests (D:5)
  2 iguanas
  A sleepcap (D:6)
  4 orc wizards (D:3)
  6 adders
  4 gnolls (D:5)
  4 ufetubi
  2 worms (D:2)
  2 dart slugs
  7 orcs
  7 ball pythons
  9 endoplasms
  3 giant cockroaches
  8 hobgoblins
  4 jackals (D:2)
  3 kobolds
  3 quokkas
  8 bats
  2 frilled lizards
  11 goblins
  9 rats
126 creatures vanquished.

Vanquished Creatures (others)
  A frilled lizard (D:2)
1 creature vanquished.

Grand Total: 127 creatures vanquished

Notes
Turn   | Place    | Note
-------+----------+-------------------------------------------
     0 | D:1      | Ethylacetat the Octopode Gladiator began the quest for the
                  | Orb.
     0 | D:1      | Reached XP level 1. HP: 14/14 MP: 1/1
   167 | D:1      | Reached XP level 2. HP: 19/19 MP: 2/2
   305 | D:1      | Reached XP level 3. HP: 25/25 MP: 3/3
   773 | D:2      | Reached XP level 4. HP: 23/30 MP: 4/4
   839 | D:2      | Reached skill level 1 in Shapeshifting
  1329 | D:3      | Reached XP level 5. HP: 24/36 MP: 5/5
  1990 | D:4      | Noticed an ogre
  1997 | D:4      | Killed an ogre
  1998 | D:4      | Reached XP level 6. HP: 27/42 MP: 6/6
  2680 | D:4      | Reached XP level 7. HP: 47/47 MP: 7/7
  2942 | D:5      | Entered Level 5 of the Dungeon
  3050 | D:5      | Noticed Eustachio
  3061 | D:5      | Killed Eustachio
  3214 | D:5      | Reached skill level 5 in Dodging
  3312 | D:5      | Reached skill level 5 in Unarmed Combat
  3312 | D:5      | Reached XP level 8. HP: 46/54 MP: 8/8
  3369 | D:5      | Identified the +1 dagger of Exquisite Death {spect, Fly
                  | rElec Str+7 Int-2}
  4048 | D:6      | Reached skill level 5 in Fighting
  4210 | D:6      | Reached skill level 5 in Shapeshifting
  4457 | D:6      | Noticed a yak
  4460 | D:6      | Noticed a yak
  4464 | D:6      | Noticed a yak
  4468 | D:6      | Noticed a yak
  4469 | D:6      | Noticed a yak
  4471 | D:6      | Killed a yak
  4478 | D:6      | Killed a yak
  4479 | D:6      | Reached XP level 9. HP: 61/61 MP: 9/9
  4499 | D:6      | Slain by a yak

Illustrated notes

Levels and vault maps discovered:
D:1:      erik_arrival_orb_chamber, layout_rooms, minmay_parallelograms
D:2:      layout_rooms, grunt_ministairs_12, minmay_tiny_reverse_x
D:3:      layout_rooms, serial_forest, infiniplex_forest_lined_1,
          infiniplex_forest_clump_medium, infiniplex_forest_clump_medium,
          infiniplex_forest_clump_tiny, infiniplex_forest_lined_ring
D:4:      layout_loops_cross, serial_co_window_serial, co_window_corner_a,
          co_window_of_opportunity_a, co_window_of_opportunity_a,
          co_window_corner_a, co_window_paths_a, co_window_cross_2,
          co_window_broadway_a, co_window_of_opportunity_c,
          co_window_unsneaky_path_c, co_window_corner_ca, glass_columns_b,
          glass_columns_c, glass_columns_b, glass_columns_b
D:5:      layout_basic, uniq_eustachio
D:6:      layout_loops_cross, corexii_leaking_fountain, grunt_ministairs_5

Skill      XL: |  1  2  3  4  5  6  7  8 |
---------------+-------------------------+-----
Shapeshifting  | 1 2 3 4 5 |  5.9
Fighting       | 3 4 5 |  5.7
Unarmed Combat | 4 5 6 |  6.1
Dodging        | 4 5 6 |  6.2
Throwing       | |  2.0

Action                     |  1- 3 |  4- 6 |  7- 9 || total
---------------------------+-------+-------+-------++-------
  Melee: Unarmed           |    76 |   101 |   120 ||   297
         Constrict         |    20 |    17 |    17 ||    54
         Tentacles         |    15 |    23 |    26 ||    64
         Punch             |     3 |     3 |     3 ||     9
   Fire: Sling             |       |    43 |    51 ||    94
  Throw: Throwing net      |       |     1 |     1 ||     2
         Javelin           |       |       |     3 ||     3
    Use: Potion            |       |     5 |     9 ||    14
   Stab: Sleeping          |     9 |     8 |     3 ||    20
         Distracted        |     1 |       |       ||     1
         Held in net/web   |       |       |     1 ||     1
 Armour: Skin              |    11 |     8 |    32 ||    51
  Dodge: Dodged            |    55 |    57 |    79 ||   191
   Form: Beast             |     1 |       |       ||     1

Table legend: (Time is in decaauts)
 A = Elapsed time spent in this place.
 B = Non-inter-level travel time spent in this place.
 C = Inter-level travel time spent in this place.
 D = Time resting spent in this place.
 E = Time spent auto-exploring this place.
 F = Levels seen in this place.
 G = Mean time per level.
                   A        B        C        D        E       F      G
               +--------+--------+--------+--------+--------+-----+--------+
         Total |   4506 |   4449 |     57 |     85 |   3447 |   6 |  751.0 |
       Dungeon |   4506 |   4449 |     57 |     85 |   3447 |   6 |  751.0 |
               +--------+--------+--------+--------+--------+-----+--------+

Top non-repeatable levels by time:
     D:4: 1101 daAuts
     D:5: 838 daAuts
     D:6: 724 daAuts
     D:2: 653 daAuts
     D:1: 629 daAuts
     D:3: 559 daAuts
